 Dungeon Crawl Stone Soup version 0.30.0 (webtiles) character file.

Game seed: 13041029905694569309

16 Dani the Trooper (level 2, 0/24 HPs)
             Began as a Demonspawn Fighter on May 20, 2023.
             Slain by a gnoll
             ... wielding a +0 flail
              (5 damage)
             ... on level 2 of the Dungeon.
             The game lasted 00:00:56 (757 turns).

Dani the Trooper (Demonspawn Fighter)                Turns: 757, Time: 00:00:57

Health: 0/24       AC:  6    Str: 16    XL:     2   Next: 37%
Magic:  2/2        EV:  8    Int:  9    God:
Gold:   44         SH:  4    Dex: 12    Spells: 1/1 levels left

rFire   . . .        a - +0 war axe
rCold   . . .        c - +0 buckler
rNeg    . . .        b - +0 scale mail
rPois   .            (no helmet)
rElec   .            (no cloak)
rCorr   .            (no gloves)
SInv    .            (no boots)
Will    .....        (no amulet) Stlth
                     (no ring)
HPRegen 0.24/turn    (no ring)
MPRegen 0.08/turn

%: no passive effects
@: no status effects
A: weakness stinger 1
a: no special abilities


You were on level 2 of the Dungeon.
You visited 1 branch of the dungeon, and saw 2 of its levels.

You collected 44 gold pieces.

Inventory:

Hand Weapons
 a - a +0 war axe (weapon)
Armour
 b - a +0 scale mail (worn)
 c - a +0 buckler (worn)
Scrolls
 R - a scroll of identify {@r1}
Potions
 d - a potion of might
 e - a potion of magic {unknown}


   Skills:
 - Level 3.0 Fighting
 + Level 2.8 Axes
 - Level 2.6 Armour
 - Level 2.6 Shields


You had one spell level left.
You didn't know any spells.
Your spell library contained the following spells:

 Spells                   Type           Power      Damage    Failure   Level
 Tukima's Dance           Hex            0%         N/A       99%         3
 Passage of Golubria      Tloc           0%         N/A       100%        4
 Yara's Violent Unravell  Hex/Tmut       0%         3d3       100%        5


Dungeon Overview and Level Annotations

Branches:
Dungeon (2/15)

Altars:

Annotations:
D:1 1 runed translucent door


Innate Abilities, Weirdness & Mutations

You have a small tail.


Message History

An endoplasm is nearby!
An endoplasm is nearby!
An endoplasm is nearby!
An endoplasm is nearby!
There is an open door here.
You hit the endoplasm.
The endoplasm is moderately wounded.
The endoplasm freezes you.
You are frozen.
You block the endoplasm's attack.
You slash the endoplasm!
You kill the endoplasm!
Key pressed, stopping explore.
No target in view!
Key pressed, stopping explore.
No target in view!
Key pressed, stopping explore.
No target in view!
Key pressed, stopping explore.
No target in view!
Key pressed, stopping explore.
There is an open door here.
There is a stone staircase leading down here.
You climb downwards.
There is a stone staircase leading up here.
Found 3 stones.
Found a robe.
Key pressed, stopping explore.
No target in view!
A quokka comes into view.
You barely miss the quokka. The quokka bites you.
The quokka closely misses you.
A quokka is nearby!
You barely miss the quokka. You block the quokka's attack.
The quokka bites you.
A quokka is nearby!
You barely miss the quokka.
The quokka bites you but does no damage.
You completely miss the quokka.
The quokka bites you but does no damage.
The quokka closely misses you.
A quokka is nearby!
You closely miss the quokka. The quokka closely misses you.
A quokka is nearby!
You hit the quokka.
The quokka is almost dead.
The quokka bites you. The quokka closely misses you.
A quokka is nearby!
You hit the quokka but do no damage.
The quokka is almost dead.
The quokka bites you but does no damage.
You block the quokka's attack.
A quokka is nearby!
You hit the quokka.
You kill the quokka!
No target in view!
HP restored.
You see here 3 stones.
A hobgoblin comes into view.
The hobgoblin shouts!
You hear a shout!
A gnoll comes into view. It is wielding a +1 heavy flail.
The gnoll shouts!
The gnoll moves out of view.
A gnoll comes into view. It is wielding a +0 whip.
There are monsters nearby!
There are monsters nearby!
There are monsters nearby!
You block the hobgoblin's attack.
A gnoll comes into view. It is wielding a +0 flail.
There are monsters nearby!
The gnoll shouts!
You slash the hobgoblin!
You kill the hobgoblin!
You hear a shout!
There are monsters nearby!
You closely miss the gnoll. The gnoll hits you but does no damage.
You completely miss the gnoll. You closely miss the gnoll.
The gnoll hits you with a +0 whip. The gnoll misses you.
A gnoll comes into view. It is wielding a +0 flail.
The gnoll barely misses you.
There are monsters nearby!
You hit the gnoll but do no damage. You slash the gnoll!
The gnoll hits you with a +1 heavy flail.
You block the gnoll's attack.
You hit the gnoll.
The gnoll is almost dead.
You barely miss the gnoll. You hit the gnoll.
The gnoll hits you but does no damage. The gnoll barely misses you.
The gnoll hits you with a +0 flail.
* * * LOW HITPOINT WARNING * * *
You block the gnoll's attack. The gnoll hits you with a +0 flail!
* * * LOW HITPOINT WARNING * * *
You are too injured to fight recklessly!
You are too injured to fight recklessly!
You are too injured to fight recklessly!
You slash the gnoll!
You kill the gnoll!
You hit the gnoll.
You kill the gnoll!
You hit the gnoll. The gnoll hits you with a +0 flail.
You die...

#.####.#...........
#.#..#<.......
#....#######.#
#######(........
........#######.
#####......#
#......+ #......#
#..@...# #.g))..#
#...g..# ###+#'##
.. .## .#


You could see 2 gnolls.

Vanquished Creatures
  2 gnolls (D:2)
  An endoplasm (D:1)
  A goblin (D:1)
  4 hobgoblins
  2 jackals (D:1)
  A quokka (D:2)
  A bat (D:1)
  A frilled lizard (D:1)
  2 kobolds (D:1)
  A rat (D:1)
16 creatures vanquished.

Notes
Turn   | Place    | Note
-------+----------+-------------------------------------------
     0 | D:1      | Dani the Demonspawn Fighter began the quest for the Orb.
     0 | D:1      | Reached XP level 1. HP: 18/18 MP: 1/1
     1 | D:1      | Found a runed translucent door.
   104 | D:1      | Reached skill level 2 in Axes
   307 | D:1      | Discovered your monstrous ancestry.
   307 | D:1      | Gained mutation: You have a small tail. [demonic ancestry]
   307 | D:1      | Reached XP level 2. HP: 24/24 MP: 2/2
   756 | D:2      | HP: 5/24 [gnoll/+0 flail (8)]
   757 | D:2      | Slain by a gnoll

Illustrated notes

Levels and vault maps discovered:
D:1:      dpeg_arrival_caged_fury, layout_basic
D:2:      layout_basic

Skill      XL: |  1 |
---------------+----+-----
Axes           | 2 |  2.8
Fighting       | |  3.0
Armour         | |  2.6
Shields        | |  2.6

Action                     || total
---------------------------++-------
  Melee: War axe           ||    40
    Use: Scroll            ||     4
 Armour: Scale mail        ||    22
  Dodge: Dodged            ||    20
  Block: Buckler           ||    13

Levels and vault maps discovered:
D:1:      dpeg_arrival_caged_fury, layout_basic
D:2:      layout_basic

Table legend: (Time is in decaauts)
 A = Elapsed time spent in this place.
 B = Non-inter-level travel time spent in this place.
 C = Inter-level travel time spent in this place.
 D = Time resting spent in this place.
 E = Time spent auto-exploring this place.
 F = Levels seen in this place.
 G = Mean time per level.
                   A        B        C        D        E       F      G
               +--------+--------+--------+--------+--------+-----+--------+
         Total |    772 |    729 |     43 |      0 |    620 |   2 |  386.0 |
       Dungeon |    772 |    729 |     43 |      0 |    620 |   2 |  386.0 |
               +--------+--------+--------+--------+--------+-----+--------+

Top non-repeatable levels by time:
     D:1: 723 daAuts
     D:2: 48 daAuts

Table legend:
 A = Kills in this place as a percentage of kills in the entire game.
 B = Kills by you in this place as a percentage of kills by you in the entire game.
 C = Kills by friends in this place as a percentage of kills by friends in the entire game.
 D = Other kills in this place as a percentage of other kills in the entire game.
 E = Experience gained in this place as a percentage of experience gained in the entire game.
 F = Experience gained in this place divided by the number of levels of this place that you have seen.
                   A       B       C       D       E      F
               +-------+-------+-------+-------+-------+----------------------
         Total | 100.0 | 100.0 |   N/A |   N/A | 100.0 |  25.5
       Dungeon | 100.0 | 100.0 |   N/A |   N/A | 100.0 |  25.5
               +-------+-------+-------+-------+-------+----------------------
